 Dungeon Crawl Stone Soup version 0.19.0-2-gae57169 (webtiles) character file.

105984 Naow the Severer (level 15, -1/143 HPs)
             Began as a Minotaur Berserker on Nov 5, 2016.
             Was a High Priest of Trog.
             Shot with an arrow by a naga sharpshooter (8 damage)
             ... led by Vashnia
             ... on level 3 of the Snake Pit.
             The game lasted 00:55:32 (21796 turns).

Naow the Severer (Minotaur Berserker)              Turns: 21796, Time: 00:55:33

Health: -1/143     AC: 17    Str: 27    XL:     15   Next: 96%
Magic:  14/14      EV: 19    Int:  8    God:    Trog [*****.]
Gold:   1519       SH:  0    Dex: 12    Spells: 0 memorised, 14 levels left

rFire  + . .     SeeInvis .     S - +4 executioner's axe (venom)
rCold  . . .     Gourm    .     O - +4 ring mail of Eghiwn {rPois rF+ Str+3 Int+2}
rNeg   . . .     Faith    .     (shield currently unavailable)
rPois  +         Spirit   .     (helmet restricted)
rElec  +         Reflect  .     G - +0 cloak
rCorr  .         Harm     .     X - -2 pair of gloves (curse)
MR     +++..                    u - +1 pair of boots "Yreerphaq" {*Drain rElec Regen+}
Stlth  +.........               t - amulet of regeneration
                                Q - ring of poison resistance
                                U - +1 ring of protection

@: exhausted, starving, regenerating, slowed, very slow
A: retaliatory headbutt, horns 2
a: Berserk, Trog's Hand, Brothers in Arms, Burn Spellbooks, Renounce Religion


You were on level 3 of the Snake Pit.
You worshipped Trog.
Trog was extremely pleased with you.
You were starving.

You visited 4 branches of the dungeon, and saw 24 of its levels.

You collected 2287 gold pieces.
You spent 768 gold pieces at shops.

Inventory:

Hand Weapons
 E - the +4 broad axe "Footofis" {freeze, rN++ Stlth-}
   (You bought it in a shop on level 2 of the Orcish Mines)

   It has been specially enchanted to freeze those struck by it, causing extra
   injury to most foes and up to half again as much damage against particularly
   susceptible opponents.
   It can also slow down cold-blooded creatures.
   It greatly protects you from negative energy.
   It makes you less stealthy.
 S - a +4 executioner's axe of venom (weapon)
 V - a +2 hand axe of electrocution
Armour
 a - a +0 buckler of protection
 r - a +1 pair of gloves
 u - the +1 pair of boots "Yreerphaq" (worn) {*Drain rElec Regen+}
   (You acquired it on level 12 of the Dungeon)

   It insulates you from electricity.
   It increases your rate of regeneration.
   It causes draining when unequipped.
 D - a +0 plate armour
 G - a +0 cloak (worn)
 O - the +4 ring mail of Eghiwn (worn) {rPois rF+ Str+3 Int+2}
   (You found it on level 8 of the Dungeon)

   It affects your strength (+3).
   It affects your intelligence (+2).
   It protects you from fire.
   It protects you from poison.
 X - a cursed -2 pair of gloves (worn)
Jewellery
 p - an uncursed ring of ice
 t - an amulet of regeneration (around neck)
 F - an uncursed ring of fire
 I - an uncursed ring of positive energy
 M - an uncursed ring of resist corrosion {unknown}
 Q - a ring of poison resistance (right hand)
 U - a +1 ring of protection (left hand)
 Y - an uncursed ring of magical power
Wands
 g - a wand of teleportation (5/9)
 w - a wand of teleportation (4/9)
Scrolls
 e - 3 scrolls of enchant weapon
 h - 3 scrolls of teleportation
 j - 9 scrolls of identify
 l - 7 scrolls of blinking
 m - 7 scrolls of remove curse
 n - 3 scrolls of recharging
 o - 5 scrolls of fear
 x - a scroll of enchant armour
 y - a scroll of fog
 H - 3 scrolls of magic mapping
 J - 2 scrolls of silence
Potions
 b - 3 potions of invisibility
 f - 3 potions of cancellation
 i - 3 potions of berserk rage
 k - 4 potions of flight
 q - 10 potions of heal wounds
 s - 2 potions of haste
 v - 3 potions of curing
 z - 3 potions of mutation
 A - a potion of lignification
 L - a potion of ambrosia
 T - 4 potions of brilliance
 W - a potion of might
Books
 P - a book of Debilitation

   Spells                             Type                      Level
   a - Corona                         Hexes                        1
   b - Slow                           Hexes                        2
   c - Gell's Gravitas                Hexes/Translocation          3
   d - Inner Flame                    Hexes/Fire                   3
   e - Cause Fear                     Hexes                        4
   f - Leda's Liquefaction            Hexes/Earth                  4
   Trog disapproves of the use of such an item.
 Z - a book of Geomancy

   Spells                             Type                      Level
   a - Sandblast                      Earth                        1
   b - Passwall                       Transmutation/Earth          2
   c - Stone Arrow                    Conjuration/Earth            3
   d - Petrify                        Transmutation/Earth          4
   e - Lee's Rapid Deconstruction     Earth                        5
   Trog disapproves of the use of such an item.
Comestibles
 c - 9 bread rations
 d - 7 meat rations
 B - 8 beef jerkies
 K - 33 fruits
 N - 15 royal jellies
 R - 2 slices of pizza


   Skills:
 + Level 15.6 Fighting
 + Level 19.5 Axes
 + Level 15.4 Armour
 + Level 14.0 Dodging
 - Level 5.2 Shields


You had 14 spell levels left.
You didn't know any spells.

Dungeon Overview and Level Annotations

Branches:
Dungeon (13/15)            Temple (0/1) D:7            Lair (6/6) D:9
 Shoals (0/4) Lair:4        Snake (3/4) Lair:3        Slime (0/5) Lair:6
    Orc (2/2) D:11            Elf (0/3) Orc:2
 Vaults: D:13-14

Altars:
Cheibriados
Dithmenos
Ru
Trog
Yredelemnul
The Shining One
Beogh
Jiyva

Shops:
D:6 !   D:7 *   D:10 :   Orc:2 !(==}[**:

Annotations:
Lair:6 1 runed door
Snake:2 1 runed door
Snake:3 Vashnia


Innate Abilities, Weirdness & Mutations

You reflexively headbutt those who attack you in melee.
You have a pair of horns on your head.


Message History

Your iron troll barely misses something.
Things that are here:
2 arrows; a bolt You barely miss the naga sharpshooter.
Your headbutt misses the naga sharpshooter.
The naga sharpshooter is almost dead.
You completely miss something. You slice the naga sharpshooter!!
The naga sharpshooter is poisoned.
You slice the naga sharpshooter!!
The naga sharpshooter looks as sick as possible!
You are no longer berserk.
You are exhausted.
You feel yourself slow down.
You kill the naga sharpshooter!
Trog accepts your kill.
Trog appreciates your killing of a magic user.
The black mamba bites you but does no damage.
The naga sharpshooter spits poison at you.
The splash of poison hits you! You resist.
The naga sharpshooter shoots an arrow.
The arrow hits you!
You die...

#...#
#...#
#...#
#...#
.#####...#
.....#...#
.......NN#
#S@)# ..#
#{()# ..
#.T(# ..
#..(# .##
##(.# ..#
#(..# ..#
#.(.# ..#
#(..# ..#
### ###.#


You could see 2 naga sharpshooters, a black mamba and a friendly iron troll
(berserk).

Vanquished Creatures
  Frances (Snake:1)
  2 nagarajas
  Aizul (Snake:1)
  The ghost of Zigma the Grappler, a journeyman DrTm of Makhleb (Lair:2)
  An ettin (Orc:2)
  Josephine (Orc:1)
  Erolcha (D:10)
  2 naga warriors
  5 hydras
  6 anacondas
  Erica (Orc:1)
  The ghost of mantycore the Blocker, a novice HOFi of Okawaru (D:9)
  A centaur warrior (D:10)
  8 naga sharpshooters
  2 shock serpents
  5 skeletal warriors (D:13)
  An unseen horror (D:12)
  A salamander mystic (Snake:3)
  3 naga ritualists
  2 lindwurms (Lair:6)
  8 mana vipers
  2 hill giants (D:13)
  2 ugly things
  2 deep elf magi (D:13)
  7 salamanders
  2 cyclopes
  2 manticores
  3 orc sorcerers (Orc:2)
  24 black mambas
  Joseph (D:9)
  6 elephants
  3 naga magi
  2 guardian serpents
  2 gargoyles (D:12)
  6 torpor snails (Lair:6)
  16 spiny frogs
  9 rime drakes
  3 komodo dragons
  3 trolls
  9 polar bears (Lair:6)
  3 tyrant leeches (Lair:6)
  7 hippogriffs
  8 hornets (Lair:6)
  3 two-headed ogres
  6 blink frogs
  2 raiju (Lair:6)
  Grinder (D:5)
  5 dream sheep (Lair:6)
  Sigmund (D:2)
  A spriggan (D:13)
  44 yaks
  Eustachio (D:5)
  A shadow (D:13)
  6 basilisks (Lair:4)
  4 wraiths
  8 wyverns
  Grum (D:8)
  3 hungry ghosts
  9 wargs
  26 nagas
  8 water moccasins
  The ghost of smajdalf the Gusty, an amateur TeAE (D:3)
  8 hell hounds (Lair:6)
  Duvessa (D:7)
  6 porcupines
  A swamp drake (D:11)
  A hornet zombie (D:5)
  13 black bears (Lair:6)
  3 ice beasts
  3 eyes of draining
  10 orc warriors
  29 wolves
  12 ogres
  3 necrophages
  2 phantoms
  17 centaurs
  18 crocodiles
  3 big kobolds
  11 bullfrogs
  Dowan (D:7)
  3 scorpions
  2 water moccasin skeletons
  6 killer bees (D:10)
  4 wights (D:8)
  3 howler monkeys
  6 crimson imps
  2 centaur zombies
  A bullfrog skeleton (D:12)
  19 hounds
  8 orc priests
  3 centaur skeletons
  2 iguanas
  39 orc wizards
  15 worker ants
  A hound skeleton (D:4)
  2 hound zombies (D:8)
  A worker ant zombie (D:7)
  Robin (D:2)
  6 adders
  3 shadow imps
  4 oozes
  2 adder skeletons
  2 adder zombies (D:6)
  3 worms
  2 dart slugs
  4 leopard geckos
  75 orcs
  3 ball pythons
  5 giant cockroaches
  14 goblins
  13 hobgoblins
  12 jackals
  22 kobolds
  8 quokkas
  11 bats
  6 frilled lizards
  A jackal skeleton (D:5)
  A leopard gecko zombie (D:8)
  5 rats
  2 fungi
  5 plants
776 creatures vanquished.

Vanquished Creatures (collateral kills)
  A centaur warrior (D:13)
  A naga sharpshooter (Snake:3)
  An unseen horror (D:13)
  A hill giant (D:13)
  An orc sorcerer (Orc:2)
  A salamander (Snake:3)
  A naga mage (Snake:3)
  A black mamba (Snake:3)
  2 hippogriffs (Lair:4)
  A wyvern (Lair:4)
  A warg (Orc:2)
  9 orcs (Orc:2)
21 creatures vanquished.

Vanquished Creatures (others)
  3 orc wizards (Orc:2)
  An orc (Orc:2)
  15 plants (Lair:6)
19 creatures vanquished.

Grand Total: 816 creatures vanquished

Notes
Turn   | Place    | Note
-------+----------+-------------------------------------------
     0 | D:1      | Naow the Minotaur Berserker began the quest for the Orb.
     0 | D:1      | Reached XP level 1. HP: 19/19 MP: 0/0
   356 | D:1      | Reached skill level 4 in Axes
   359 | D:1      | Reached XP level 2. HP: 26/27 MP: 1/1
   685 | D:2      | Found a shadowy altar of Dithmenos.
   811 | D:2      | Reached XP level 3. HP: 30/33 MP: 2/2
   822 | D:2      | Reached skill level 5 in Axes
  1143 | D:2      | Reached ** piety under Trog
  1154 | D:2      | Noticed Robin
  1163 | D:2      | Killed Robin
  1409 | D:2      | Reached XP level 4. HP: 31/40 MP: 3/3
  1571 | D:2      | Noticed Sigmund
  1582 | D:2      | Killed Sigmund
  1582 | D:2      | Reached skill level 7 in Axes
  1582 | D:2      | Reached XP level 5. HP: 46/46 MP: 4/4
  1877 | D:3      | Found a glowing golden altar of the Shining One.
  2489 | D:3      | Reached skill level 8 in Axes
  2489 | D:3      | Reached XP level 6. HP: 47/52 MP: 5/5
  2657 | D:3      | Noticed smajdalf's ghost (amateur TeAE)
  2664 | D:3      | Killed smajdalf's ghost
  2751 | D:4      | Reached skill level 9 in Axes
  2935 | D:4      | Reached XP level 7. HP: 18/58 MP: 6/6
  3153 | D:4      | Reached skill level 10 in Axes
  3469 | D:5      | Entered Level 5 of the Dungeon
  3481 | D:5      | Reached *** piety under Trog
  3860 | D:5      | Noticed Grinder
  3862 | D:5      | Paralysed by Grinder for 2 turns
  3866 | D:5      | Reached skill level 11 in Axes
  3868 | D:5      | Killed Grinder
  3868 | D:5      | Reached XP level 8. HP: 66/66 MP: 7/7
  3877 | D:5      | Noticed Eustachio
  3892 | D:5      | Killed Eustachio
  3892 | D:5      | Reached skill level 12 in Axes
  3988 | D:5      | Reached skill level 13 in Axes
  4650 | D:6      | Found a snail-covered altar of Cheibriados.
  4889 | D:6      | Found Belouje's Distillery.
  5051 | D:6      | Reached XP level 9. HP: 65/71 MP: 8/8
  5125 | D:7      | Reached skill level 14 in Axes
  5155 | D:7      | Found Dasirhod's Elemental Accessories.
  5245 | D:7      | Found a staircase to the Ecumenical Temple.
  5251 | D:7      | Reached **** piety under Trog
  5322 | D:7      | Noticed Dowan
  5322 | D:7      | Noticed Duvessa
  5335 | D:7      | Killed Duvessa
  5340 | D:7      | Killed Dowan
  5406 | D:7      | Found a basalt altar of Yredelemnul.
  5960 | D:8      | Noticed Grum
  5971 | D:8      | Reached skill level 5 in Fighting
  5983 | D:8      | Killed Grum
  6146 | D:8      | Noticed a green ugly thing
  6157 | D:8      | Killed a green ugly thing
  6157 | D:8      | Reached skill level 5 in Armour
  6157 | D:8      | Reached XP level 10. HP: 83/83 MP: 9/9
  6392 | D:8      | Reached skill level 5 in Dodging
  6675 | D:8      | Reached skill level 15 in Axes
  6693 | D:8      | Got a slimy ring mail
  6962 | D:9      | Noticed Joseph
  6973 | D:9      | Killed Joseph
  6975 | D:9      | Noticed mantycore's ghost (novice HOFi)
  7012 | D:9      | Killed mantycore's ghost
  7312 | D:9      | Reached ***** piety under Trog
  7367 | D:9      | Found a flagged portal.
  7521 | D:9      | Found a staircase to the Lair.
  7688 | D:10     | Entered Level 10 of the Dungeon
  8105 | D:10     | Noticed a centaur warrior
  8122 | D:10     | Killed a centaur warrior
  8122 | D:10     | Reached XP level 11. HP: 74/94 MP: 5/10
  8227 | D:10     | Found Foefec's Book Emporium.
  8296 | D:10     | Noticed Erolcha
  8318 | D:10     | Killed Erolcha
  8360 | D:10     | Found a bloodstained altar of Trog.
  8385 | D:10     | Received a gift from Trog
  8882 | D:11     | Identified the +4 ring mail of Eghiwn {rPois rF+ Str+3 Int+2} (You found it on level 8 of the Dungeon)
  9011 | D:11     | Reached skill level 16 in Axes
  9546 | D:11     | Found a staircase to the Orcish Mines.
  9972 | D:12     | Reached skill level 10 in Fighting
 10158 | D:12     | Killed an unseen horror
 10464 | D:12     | Reached XP level 12. HP: 105/107 MP: 11/11
 10507 | D:12     | Identified 2 scrolls of acquirement
 10530 | D:12     | Got a pair of translucent boots
 10536 | D:12     | Identified the +1 pair of boots "Yreerphaq" {*Drain rElec Regen+} (You acquired it on level 12 of the Dungeon)
 10658 | D:12     | Received a gift from Trog
 10737 | D:13     | Reached skill level 1 in Shields
 10921 | D:13     | Reached skill level 10 in Armour
 10995 | D:13     | Noticed a centaur warrior
 11008 | D:13     | Killed a centaur warrior
 11397 | D:13     | Reached skill level 5 in Shields
 11435 | D:13     | Found a sacrificial altar of Ru.
 11667 | Lair:1   | Entered Level 1 of the Lair of Beasts
 11964 | Lair:1   | Received a gift from Trog
 11964 | Lair:1   | Reached skill level 17 in Axes
 12089 | Lair:1   | Reached skill level 10 in Dodging
 12157 | Lair:1   | Reached XP level 13. HP: 108/116 MP: 4/12
 12607 | Orc:1    | Entered Level 1 of the Orcish Mines
 12607 | Orc:1    | Noticed Josephine
 12616 | Orc:1    | Killed Josephine
 12639 | Orc:1    | Noticed Erica
 12649 | Orc:1    | Killed Erica
 12781 | Orc:2    | Entered Level 2 of the Orcish Mines
 12786 | Orc:2    | Found Maboinioj's Weapon Shoppe.
 12873 | Orc:2    | Found Mad Gasa's Distillery.
 13109 | Orc:2    | Received a gift from Trog
 13130 | Orc:2    | Got a brightly glowing war axe {god gift}
 13131 | Orc:2    | Identified the +4 war axe "Vaho Jomp" {elec, +Fly rPois Str-3 Dex+8} (Trog gifted it to you on level 2 of the Orcish Mines)
 13147 | Orc:2    | Found Millik's Jewellery Shoppe.
 13198 | Orc:2    | Found Afuzaf's Jewellery Shop.
 13245 | Orc:2    | Bought an uncursed amulet of regeneration for 480 gold pieces
 13275 | Orc:2    | Found a roughly hewn altar of Beogh.
 13308 | Orc:2    | Noticed an ettin
 13315 | Orc:2    | Killed an ettin
 13429 | Orc:2    | Found Foirut's Armour Shop.
 13450 | Orc:2    | Found Ziobbaydak's General Store.
 13518 | Orc:2    | Found Godinn's Gadget Shoppe.
 13535 | Orc:2    | Found Mudoifful's Assorted Antiques.
 13544 | Orc:2    | Bought a crystal broad axe for 288 gold pieces
 13562 | Orc:2    | Found a staircase to the Elven Halls.
 13584 | Orc:2    | Found Huegodgh's Book Shoppe.
 13707 | Orc:2    | Found a roughly hewn altar of Beogh.
 13743 | Orc:2    | Identified the +4 broad axe "Footofis" {freeze, rN++ Stlth-} (You bought it in a shop on level 2 of the Orcish Mines)
 13983 | Lair:2   | Noticed Zigma's ghost (journeyman DrTm)
 13994 | Lair:2   | Killed Zigma's ghost
 14432 | Lair:2   | You fall through a shaft for 2 floors!
 14475 | Lair:4   | Found a labyrinth entrance.
 15010 | Lair:3   | Found a staircase to the Snake Pit.
 15477 | Snake:1  | Entered Level 1 of the Snake Pit
 15788 | Lair:4   | Reached XP level 14. HP: 129/129 MP: 4/13
 15801 | Lair:4   | Reached skill level 18 in Axes
 16168 | Lair:4   | Found a staircase to the Shoals.
 17492 | Lair:6   | Entered Level 6 of the Lair of Beasts
 17513 | Lair:6   | Received a gift from Trog
 17887 | Lair:6   | Found a viscous altar of Jiyva.
 17888 | Lair:6   | Found a staircase to the Slime Pits.
 18136 | Lair:6   | Found a runed door.
 18163 | Lair:6   | Paralysed by a hornet for 2 turns
 18586 | Lair:6   | Received a gift from Trog
 19389 | Snake:1  | Reached XP level 15. HP: 126/139 MP: 0/14
 19507 | Snake:1  | Noticed Frances
 19517 | Snake:1  | Killed Frances
 19606 | Snake:1  | Noticed Aizul
 19618 | Snake:1  | Killed Aizul
 20245 | Snake:2  | Reached skill level 19 in Axes
 20261 | Snake:2  | Received a gift from Trog
 20263 | Snake:2  | Reached skill level 15 in Fighting
 20747 | Snake:2  | Found a runed door.
 20940 | Snake:2  | Noticed a nagaraja
 21019 | Snake:2  | Killed a nagaraja
 21324 | Snake:3  | Noticed a nagaraja
 21338 | Snake:3  | Killed a nagaraja
 21338 | Snake:3  | Reached skill level 15 in Armour
 21778 | Snake:3  | Noticed Vashnia
 21795 | Snake:3  | HP: 7/214 [naga sharpshooter/arrow[Vashnia] (5)]
 21796 | Snake:3  | Shot with an arrow by a naga sharpshooter

Skill      XL: |  1  2  3  4  5  6  7  8  9 10 11 12 13 14 15 |
---------------+----------------------------------------------+-----
Axes           | 4 5 7 8 9 11 13 14 15 16 17 18 19 | 19.5
Fighting       | 5 8 10 11 13 14 15 | 15.6
Armour         | 5 7 9 11 12 14 15 | 15.4
Dodging        | 4 6 8 10 11 13 14 | 14.0
Shields        | 5 |  5.2

Action                   |  1- 3 |  4- 6 |  7- 9 | 10-12 | 13-15 || total
-------------------------+-------+-------+-------+-------+-------++-------
Melee: Hand axe          |    81 |   118 |   331 |   312 |       ||   842
       Headbutt          |    17 |    25 |    74 |   156 |   191 ||   463
       War axe           |       |       |       |   256 |       ||   256
       Battleaxe         |       |       |       |    56 |       ||    56
       Executioner's axe |       |       |       |    16 |   933 ||   949
       Morningstar       |       |       |       |       |    12 ||    12
Invok: Berserk           |     1 |     3 |    11 |    10 |    18 ||    43
       Trog's Hand       |       |     2 |     3 |     3 |    15 ||    23
       Brothers in Arms  |       |       |       |     1 |     3 ||     4
       Burn Spellbooks   |       |       |       |       |     2 ||     2
Evoke: Wand              |       |       |       |       |     1 ||     1
  Use: Scroll            |       |       |     6 |    16 |    14 ||    36
  Eat: Chunk             |     2 |     8 |    18 |    35 |    38 ||   101
       Meat ration       |       |       |     1 |       |     1 ||     2
       Pizza             |       |       |     1 |       |       ||     1
       Bread ration      |       |       |       |       |     2 ||     2
       Beef jerky        |       |       |       |       |     1 ||     1
Armor: Animal skin       |    18 |    10 |       |       |       ||    28
       Scale mail        |       |    18 |    44 |       |       ||    62
       Plate armour      |       |       |    81 |   135 |       ||   216
       Ring mail         |       |       |       |    86 |   375 ||   461
Dodge: Dodged            |    60 |    73 |   114 |   266 |  1007 ||  1520
Block: Buckler           |       |       |       |    18 |       ||    18
